[Event "Early-Titled-Tuesday-Blitz-April-16-2024"]
[Site "Chess.com"]
[Date "2024.04.16"]
[Round "9"]
[White "IshviAggarwal"]
[Black "Heinza9"]
[Result "0-1"]
[WhiteElo "2138"]
[BlackElo "2324"]
[TimeControl "180+1"]
[EndTime "9:48:03 PDT"]
[Termination "Heinza9 won by resignation"]

1. Nf3 f5 2. g3 Nf6 3. Bg2 g6 4. O-O Bg7 5. d3 O-O 6. Nbd2 d6 7. e4 e5 8. b3 Nc6 9. Bb2 f4 10. a4 a5 11. Nc4 Nh5 12. d4 fxg3 13. hxg3 exd4 14.
Nxd4 Nxd4 15. Bxd4 Be6 16. Ne3 Bh6 17. Ng4 Bg7 18. Bxg7 Nxg7 19. f4 h5 20. Ne3 c6 21.
Qd4 c5 22. Qc3 Qb6 23. Kh2 Rad8 24. Rad1 c4 25. Nxc4 Qc7 26. Qxa5 b6 27. Qxb6 Qe7 28. Nxd6 h4 29. Qb7 hxg3+ 30. Kg1 Qh4 31. Rfe1 Rxf4 0-1

[Event "Early-Titled-Tuesday-Blitz-April-16-2024"]
[Site "Chess.com"]
[Date "2024.04.16"]
[Round "9"]
[White "francyIM"]
[Black "sonicdravise"]
[Result "1-0"]
[WhiteElo "2813"]
[BlackElo "2614"]
[TimeControl "180+1"]
[EndTime "9:48:06 PDT"]
[Termination "francyIM won by checkmate"]

1. e4 c5 2. Nf3 Nc6 3. d3 g6 4. g3 Bg7 5. Bg2 d6 6. O-O e5 7. c3 Nge7 8. Re1 O-O 9. Nbd2 h6 10.
a4 Be6 11. Nc4 Qc7 12. Nfd2 b6 13. Ne3 Qd7 14. Nd5 Bg4 15. Qb3 Nxd5 16. exd5 Ne7 17.
Ne4 f5 18. Nd2 g5 19. f3 Bh5 20. h3 Bf7 21. c4 Ng6 22. Nf1 e4 23. dxe4 f4 24. g4 Bd4+ 25. Kh2 Kg7 26. Bd2 Rh8 27. Bc3 Be5 28. Kg1 h5 29. Nh2 Nh4 30. gxh5 Rxh5 31.
Ng4 Ng6 32. Kf2 Qe7 33. a5 Rb8 34. axb6 axb6 35. Ra6 b5 36. Rea1 Qb7 37. Ra7 Qc8 38. Bxe5+ Nxe5 39. Nxe5 dxe5 40. Qc3 Qe8 41. d6 bxc4 42. Re7 Qg8 43. Raa7 Rf8 44. Qxe5+ Kh7 45. Qf5+ Kh6 46. Rxf7 Rxf7 47. Rxf7 Qb8 48. Qf6# 1-0

[Event "Early-Titled-Tuesday-Blitz-April-16-2024"]
[Site "Chess.com"]
[Date "2024.04.16"]
[Round "9"]
[White "GlavkonVVS"]
[Black "FuenfgegenWilly"]
[Result "1-0"]
[WhiteElo "2583"]
[BlackElo "2452"]
[TimeControl "180+1"]
[EndTime "9:48:07 PDT"]
[Termination "GlavkonVVS won by resignation"]

1. Nf3 f5 2. g3 Nc6 3. Bg2 e5 4.
d3 Nf6 5. c4 Bb4+ 6. Bd2 Bxd2+ 7. Qxd2 d6 8. Nc3 O-O 9. O-O Qe8 10. Rab1 Qh5 11. Qg5 Qxg5 12. Nxg5 h6 13. Nf3 g5 14. b4 Ne7 15. c5 Be6 16. Nb5 Bxa2 17. Rb2 Bd5 18.
Nxc7 Rad8 19. cxd6 Rxd6 20. Nxe5 Bxg2 21. Kxg2 Rc8 22.
Nb5 Rb6 23. Nxa7 Ra8 24. Ra1 Nc8 25. Nc4 Re6 26. Rba2 Rxa7 27. Rxa7 Nxa7 28. Rxa7 Rxe2 29. Rxb7 Ng4 30. b5 Rxf2+ 31. Kg1 Rc2 32. h3 Nf6 33. b6 Rc1+ 34. Kf2 Rb1 35. Ke3 h5 36. Kd4 f4 37.
gxf4 gxf4 38. Ke5 f3 39. Kxf6 f2 40. Ne3 Re1 41. Rg7+ Kf8 42. b7 f1=Q+ 43. Nxf1 Rxf1+ 44. Ke5 Rb1 45. Rc7 1-0

[Event "Early-Titled-Tuesday-Blitz-April-16-2024"]
[Site "Chess.com"]
[Date "2024.04.16"]
[Round "9"]
[White "Bastiandash"]
[Black "Fjal"]
[Result "1-0"]
[WhiteElo "2537"]
[BlackElo "2332"]
[TimeControl "180+1"]
[EndTime "9:48:09 PDT"]
[Termination "Bastiandash won by resignation"]

1. e4 d6 2. d4 g6 3. Nc3 Bg7 4. Be3 c6 5. f4 Qa5 6. Nf3 Nf6 7.
Qd2 b5 8. e5 Ng4 9. Bg1 O-O 10.
h3 Nh6 11. g4 f6 12. exf6 exf6 13. Be3 Re8 14. O-O-O b4 15. Nb1 Qxa2 16. f5 Nf7 17. fxg6 hxg6 18. Bd3 f5 19. gxf5 Bxf5 20. Bxf5 gxf5 21.
Rhg1 Nd7 22. Bh6 Nxh6 23. Qxh6 Qf7 24. Qxd6 Red8 25. Rxg7+ Kxg7 26. Rg1+ Kh8 27. Ng5 Qf6 28. Qf4 Qg6 29. Qh4+ Kg7 30. Ne6+ Kf7 31. Rxg6 1-0

[Event "Early-Titled-Tuesday-Blitz-April-16-2024"]
[Site "Chess.com"]
[Date "2024.04.16"]
[Round "9"]
[White "Timerkhanov"]
[Black "SpeedofLight0"]
[Result "1-0"]
[WhiteElo "2683"]
[BlackElo "3066"]
[TimeControl "180+1"]
[EndTime "9:48:11 PDT"]
[Termination "Timerkhanov won by resignation"]

1. d4 d6 2. Nf3 g6 3. g3 Bd7 4.
Bg2 Qc8 5. h4 Nf6 6. c4 Bg7 7. Nc3 Nc6 8. d5 Nb8 9. e4 Bg4 10. O-O O-O 11. Re1 e5 12. Be3 Na6 13. Qc2 c5 14. a3 Bd7 15. Rab1 Ng4 16. Bd2 f5 17. Ng5 f4 18. Ne6 Bxe6 19. dxe6 Qxe6 20. Nd5 Bh6 21. Qd3 Rf7 22. Bh3 Bg7 23. f3 h5 24.
gxf4 exf4 25. Nxf4 Rxf4 26. Bxf4 Bd4+ 27. Kg2 Qf6 28.
Bg5 Qf7 29. fxg4 Qf2+ 30. Kh1 Be5 31. Re2 Qd4 32. Qxd4 cxd4 33. gxh5 gxh5 34. Be6+ Kh8 35. Rf1 Nc5 36. Bf6+ Bxf6 37. Rxf6 d3 38. Rg2 Kh7 39. Bf5+ 1-0

[Event "Early-Titled-Tuesday-Blitz-April-16-2024"]
[Site "Chess.com"]
[Date "2024.04.16"]
[Round "9"]
[White "stratacticos"]
[Black "Alblooshi_Hamad"]
[Result "1-0"]
[WhiteElo "1896"]
[BlackElo "2165"]
[TimeControl "180+1"]
[EndTime "9:48:11 PDT"]
[Termination "stratacticos won by resignation"]

1. b4 e5 2. Bb2 d6 3. c4 f5 4.
d4 e4 5. d5 Nf6 6. e3 g6 7.
Ne2 Bg7 8. Nf4 O-O 9. Be2 c6 10. Nc3 cxd5 11. Ncxd5 Nc6 12. Nxf6+ Bxf6 13. Bxf6 Qxf6 14.
Nd5 Qf7 15. a3 Be6 16. O-O Ne5 17. Rc1 Rac8 18. Nf4 Bxc4 19. Qxd6 Bxe2 20. Nxe2 Nd3 21. Rxc8 Rxc8 22. h4 Qa2 23. h5 Qf7 24. h6 Re8 25. Nd4 Qe7 26. Qd5+ Qe6 27. Nxe6 1-0

[Event "Early-Titled-Tuesday-Blitz-April-16-2024"]
[Site "Chess.com"]
[Date "2024.04.16"]
[Round "9"]
[White "Karttunen"]
[Black "santosalberto1987"]
[Result "1-0"]
[WhiteElo "2686"]
[BlackElo "2567"]
[TimeControl "180+1"]
[EndTime "9:48:13 PDT"]
[Termination "Karttunen won by resignation"]

1. d4 Nf6 2. c4 d6 3. Nf3 g6 4. Nc3 Bf5 5. g3 Bg7 6. Bg2 Ne4 7. Nh4 Nxc3 8. bxc3 Bc8 9. e4 O-O 10. f4 c5 11. e5 dxe5 12. dxe5 Qxd1+ 13. Kxd1 Nc6 14.
Be3 Na5 15. Bxc5 Nxc4 16. Ke2 Rd8 17. Rhd1 Bg4+ 18. Nf3 Bf8 19. h3 Bxf3+ 20. Bxf3 Rxd1 21. Rxd1 Rc8 22. Bd4 b6 23. Bb7 Rc7 24. Ba6 e6 25.
Bf2 Na5 26. Be1 Be7 27. g4 Kf8 28. g5 Nc6 29. h4 Nb8 30. Bb5 a6 31. Ba4 b5 32.
Bc2 Rd7 33. Rb1 Nc6 34. a4 Rb7 35. Be4 Rb6 36. Bf2 1-0

[Event "Early-Titled-Tuesday-Blitz-April-16-2024"]
[Site "Chess.com"]
[Date "2024.04.16"]
[Round "9"]
[White "viditchess"]
[Black "Salem-AR"]
[Result "0-1"]
[WhiteElo "3125"]
[BlackElo "3040"]
[TimeControl "180+1"]
[EndTime "9:48:14 PDT"]
[Termination "Salem-AR won by resignation"]

1. e4 c5 2. Nf3 d6 3. d4 cxd4 4. Nxd4 Nf6 5. Nc3 a6 6. Bg5 e6 7. Qf3 Nbd7 8. O-O-O Qc7 9. g4 b5 10. a3 Rb8 11. Bxf6 gxf6 12. h4 b4 13. axb4 Rxb4 14. g5 Qb6 15. Nb3 Be7 16. Na2 Ra4 17. Nc3 Rb4 18.
Kb1 fxg5 19. Na2 Ra4 20. Qc3 Bf6 21. Qd2 gxh4 22. f4 Rxe4 23. Bg2 Re3 24. f5 Ne5 25. fxe6 Bxe6 26. Bd5 Nc4 27. Qf2 Na3+ 28. Ka1 Bxb2+ 29. Kxb2 Rxb3+ 30. Bxb3 Nc4+ 0-1

[Event "Early-Titled-Tuesday-Blitz-April-16-2024"]
[Site "Chess.com"]
[Date "2024.04.16"]
[Round "9"]
[White "SoCalJuniorChess"]
[Black "Chesstiger64"]
[Result "0-1"]
[WhiteElo "2186"]
[BlackElo "2372"]
[TimeControl "180+1"]
[EndTime "9:48:15 PDT"]
[Termination "Chesstiger64 won by resignation"]

1. d4 d6 2. Nc3 e5 3. dxe5 dxe5 4. Qxd8+ Kxd8 5. Nf3 Nd7 6. e4 c6 7. Bc4 f6 8. Be3 Kc7 9. O-O-O Bb4 10. Ne2 b5 11. Bb3 a5 12. c3 Bf8 13. Ng3 Ne7 14. h4 a4 15. Be6 Nb6 16. Bxc8 Rxc8 17. h5 Nc4 18. b3 Nxe3 19. fxe3 axb3 20. axb3 Ra8 21. Kb2 Nc8 22. Ra1 Rxa1 23. Rxa1 Bc5 24. Nf5 g6 25.
hxg6 hxg6 26. N5h4 Bxe3 27. Nxg6 Rg8 28. Nfh4 Nd6 29.
Re1 Bf2 30. Re2 Bxh4 31. Nxh4 Rg4 32. Nf3 Rxe4 33. Rf2 Rf4 34. g3 Rf5 35. Kc2 Ne4 36. Rf1 Nxg3 37. Rf2 Ne4 38. Rf1 Ng5 39. Nd2 Rxf1 40.
Nxf1 Kd6 41. Kd3 f5 42. Ng3 Ke6 43. Nh5 f4 44. Ng7+ Kf6 45. Ne8+ Ke7 46. Nc7 e4+ 47. Kd4 e3 48. Kd3 Ne4 49. b4 Nd2 50. Na6 Nc4 51.
Nb8 Kd6 52. Na6 f3 53. Nc5 e2 0-1

[Event "Early-Titled-Tuesday-Blitz-April-16-2024"]
[Site "Chess.com"]
[Date "2024.04.16"]
[Round "9"]
[White "Zohid6"]
[Black "Gabrielian_Artur"]
[Result "1-0"]
[WhiteElo "2949"]
[BlackElo "2800"]
[TimeControl "180+1"]
[EndTime "9:48:17 PDT"]
[Termination "Zohid6 won on time"]

1. e4 c5 2. Nf3 d6 3. Bb5+ Bd7 4. Bxd7+ Qxd7 5. c4 e5 6. Nc3 Nc6 7. O-O Be7 8. d3 Bd8 9. a3 Nge7 10. b4 O-O 11. b5 Nd4 12. Nxd4 cxd4 13. Ne2 f5 14. f3 a6 15. Rb1 Ng6 16. Ng3 fxe4 17. Nxe4 d5 18. cxd5 Qxd5 19. a4 Be7 20. Bd2 Rfc8 21.
bxa6 Rxa6 22. Rb5 Qa2 23. a5 Rc2 24. Kh1 Rb2 25. Rxb2 Qxb2 26. Qb1 Qxb1 27. Rxb1 Bd8 28. Nc5 Rc6 29. Nxb7 Bc7 30. Ra1 Rc2 31. a6 Bb6 32.
Bb4 Nf4 33. Bc5 Rxc5 34. Nxc5 Bxc5 35. Rc1 Bb6 36. Rc6 Nd5 37. Rd6 1-0

[Event "Early-Titled-Tuesday-Blitz-April-16-2024"]
[Site "Chess.com"]
[Date "2024.04.16"]
[Round "9"]
[White "guillembaches"]
[Black "only_strong_moves"]
[Result "1-0"]
[WhiteElo "2551"]
[BlackElo "2632"]
[TimeControl "180+1"]
[EndTime "9:48:19 PDT"]
[Termination "guillembaches won by resignation"]

1. d4 Nf6 2. Nf3 e6 3. Bg5 d5 4. Nbd2 c5 5. e3 Qb6 6. Rb1 Ne4 7.
Bh4 Nxd2 8. Qxd2 Nc6 9. c3 h6 10.
Bd3 Be7 11. Bxe7 Nxe7 12. O-O Bd7 13. Ne5 Bb5 14. f4 O-O 15. Rf3 f6 16. Ng6 Nxg6 17.
Bxg6 f5 18. Rg3 Rf6 19. Re1 Rc8 20. a3 e5 21. Bh5 exd4 22. exd4 cxd4 23. cxd4 Rc4 24.
Rd1 Ba4 25. b3 Bxb3 26. Rb1 Rxd4 27. Qf2 Rxf4 28. Qxb6 Rxb6 29. Rgxb3 Rxb3 30. Rxb3 b6 31. Rd3 Ra4 32. Rxd5 Rxa3 33. Bg6 Kf8 34. Re5 Ra1+ 35. Kf2 Ra2+ 36. Kf1 Ra1+ 37. Kf2 Ra2+ 38. Kg3 Ra3+ 39. Kf4 Ra4+ 40. Kxf5 Ra5 41. Rxa5 bxa5 42. Ke6 a4 43. Bb1 a3 44. Ba2 Kg8 45. Ke7+ Kh7 46. g4 Kg6 47. h4 h5 48. g5 Kf5 49. Kf7 Kg4 50.
Kxg7 Kxh4 51. Kf6 Kg4 52. g6 Kf4 53. g7 Ke3 54. g8=Q Kd2 55. Qg2+ Kc3 56. Qh2 Kb4 57. Kg5 a5 58. Kxh5 1-0

[Event "Early-Titled-Tuesday-Blitz-April-16-2024"]
[Site "Chess.com"]
[Date "2024.04.16"]
[Round "9"]
[White "HanSchut"]
[Black "janhelmer03"]
[Result "1-0"]
[WhiteElo "2315"]
[BlackElo "2390"]
[TimeControl "180+1"]
[EndTime "9:48:19 PDT"]
[Termination "HanSchut won by resignation"]

1. e4 c5 2. Nf3 d6 3. d4 cxd4 4. Nxd4 Nf6 5. f3 g6 6. c4 Bg7 7.
Be3 O-O 8. Qd2 Nc6 9. Nc3 Bd7 10. Rc1 Rc8 11. Be2 Nxd4 12. Bxd4 Be6 13. b3 Nd7 14. Be3 a6 15. O-O Qa5 16. Nd5 Qd8 17. Nc3 Kh8 18. Rc2 Qa5 19. Rb1 b5 20. b4 Qc7 21.
Nd5 Bxd5 22. exd5 bxc4 23. Rxc4 Qb7 24. Rbc1 Ne5 25. Rxc8 Rxc8 26. Rxc8+ Qxc8 27. a4 Qb7 28. b5 axb5 29. Bxb5 Nd7 30. h3 Nb6 31. Qa5 Nd7 32. Bxd7 Qb1+ 33. Kf2 Qa2+ 34. Qd2 1-0

[Event "Early-Titled-Tuesday-Blitz-April-16-2024"]
[Site "Chess.com"]
[Date "2024.04.16"]
[Round "9"]
[White "djano"]
[Black "RedFirePanda"]
[Result "1-0"]
[WhiteElo "2597"]
[BlackElo "2475"]
[TimeControl "180+1"]
[EndTime "9:48:20 PDT"]
[Termination "djano won on time"]

1. e4 d5 2. Nc3 dxe4 3. Nxe4 Nf6 4. Ng5 h6 5. N5f3 Bf5 6. Bc4 e6 7. Ne5 Nbd7 8. Ngf3 Nxe5 9. Nxe5 Bd6 10. Qe2 O-O 11.
d4 c6 12. O-O Nd5 13. c3 a5 14. a3 a4 15. Re1 Qc7 16. h3 c5 17. Ba2 cxd4 18.
cxd4 Rfd8 19. Qf3 Bf8 20. g4 Bh7 21. Bd2 Rac8 22. Rac1 Qe7 23. Rxc8 Rxc8 24. Bxd5 exd5 25. Qxd5 Rd8 26. Qc4 Qf6 27. Be3 Bd6 28. f4 Bxe5 29. dxe5 Qh4 30. Qe2 Qxh3 31. Qg2 Qxg2+ 32. Kxg2 Be4+ 33.
Kg3 Bc2 34. Rc1 Bb3 35. Rc7 b5 36. f5 Bc4 37. Kf4 Rd3 38. Rc5 Rb3 39. Bd4 Rd3 40. Bc3 Rd1 41. Rc7 Rf1+ 42. Kg3 Rd1 43. e6 fxe6 44.
Rxg7+ Kf8 45. f6 Rd3+ 46. Kf2 Rd5 47. Rh7 e5 48. Rxh6 Kf7 49. g5 1-0

[Event "Early-Titled-Tuesday-Blitz-April-16-2024"]
[Site "Chess.com"]
[Date "2024.04.16"]
[Round "9"]
[White "ActorXu"]
[Black "M1711"]
[Result "1-0"]
[WhiteElo "2846"]
[BlackElo "2698"]
[TimeControl "180+1"]
[EndTime "9:48:22 PDT"]
[Termination "ActorXu won by checkmate"]

1. e4 e6 2. d3 c5 3. g3 d5 4. Nd2 Nc6 5. Ngf3 Nf6 6. Bg2 Be7 7. O-O O-O 8. e5 Nd7 9. Re1 b5 10. h4 Bb7 11. Nf1 Qc7 12. Bf4 Rfc8 13. h5 h6 14. g4 a5 15. Qd2 Qd8 16. N1h2 a4 17. a3 b4 18. Re2 c4 19. d4 c3 20. bxc3 bxa3 21. g5 hxg5 22. Bxg5 Na5 23.
h6 Nc4 24. Qf4 gxh6 25. Bxh6 Nf8 26. Ng5 Qe8 27. Ng4 Nh7 28. Nf6+ Bxf6 29. exf6 Qd8 30.
Nxh7 Kxh7 31. Bg7 Qg8 32. Qh6# 1-0

[Event "Early-Titled-Tuesday-Blitz-April-16-2024"]
[Site "Chess.com"]
[Date "2024.04.16"]
[Round "9"]
[White "Darius321"]
[Black "McCarthyStone"]
[Result "0-1"]
[WhiteElo "2321"]
[BlackElo "2385"]
[TimeControl "180+1"]
[EndTime "9:48:22 PDT"]
[Termination "McCarthyStone won by resignation"]

1. e4 g6 2. h4 h5 3. d4 c5 4. Be3 Bg7 5. Nf3 Nf6 6. Nc3 cxd4 7. Nxd4 Nc6 8. f3 Qb6 9. Qd2 Nxe4 10. Nxc6 Qxb2 11. Nxe4 Qxa1+ 12. Kf2 dxc6 13. Rg1 Qxa2 14. Bd3 Bf5 15. g4 hxg4 16. fxg4 Bxe4 17. Bxe4 Rxh4 18.
Qb4 Qb2 19. Qc4 Rd8 20. Bxg6 fxg6 21. Qg8+ Kd7 22. Qxg7 Qxg7 0-1

[Event "Early-Titled-Tuesday-Blitz-April-16-2024"]
[Site "Chess.com"]
[Date "2024.04.16"]
[Round "9"]
[White "LiemLe"]
[Black "Ramil_Faizrakhmanov"]
[Result "1-0"]
[WhiteElo "3043"]
[BlackElo "2902"]
[TimeControl "180+1"]
[EndTime "9:48:23 PDT"]
[Termination "LiemLe won by resignation"]

1. Nf3 d5 2. e3 Nf6 3. c4 e6 4. b3 c5 5. Bb2 Nc6 6. cxd5 exd5 7.
Bb5 Bd6 8. Nc3 O-O 9. Rc1 d4 10. Na4 Qe7 11. O-O dxe3 12. fxe3 Bd7 13. Bxf6 Qxf6 14.
Nxc5 Bxc5 15. Rxc5 Qd6 16. d4 Rfe8 17. Qd2 f6 18. Rfc1 a6 19. Bc4+ Kh8 20. Bd3 g6 21. d5 Ne5 22. Nxe5 Rxe5 23. e4 Rae8 24. Rc7 Bc6 25.
R1xc6 bxc6 26. Rxc6 Qe7 27. Rxa6 f5 28. Qc3 fxe4 29.
Bb5 e3 30. Re6 Qa7 31. Qxe5+ 1-0

[Event "Early-Titled-Tuesday-Blitz-April-16-2024"]
[Site "Chess.com"]
[Date "2024.04.16"]
[Round "9"]
[White "MaiqMaster"]
[Black "Alexei_Gubajdullin"]
[Result "0-1"]
[WhiteElo "2427"]
[BlackElo "2616"]
[TimeControl "180+1"]
[EndTime "9:48:23 PDT"]
[Termination "Alexei_Gubajdullin won on time"]

1. d4 Nf6 2. Nc3 d5 3. Bf4 a6 4. Nf3 g6 5. e3 Bg7 6. Ne5 O-O 7. h4 h5 8. Qd2 Nbd7 9. O-O-O e6 10. f3 c5 11. g4 cxd4 12. exd4 hxg4 13. fxg4 Nxe5 14. dxe5 Nd7 15. h5 Nxe5 16. h6 Bf6 17. g5 Nf3 18.
Qe3 Nxg5 19. Bd3 Nh7 20. Rdg1 d4 21. Qe4 Kh8 22. Ne2 Bd7 23. Nxd4 Qa5 24. Rxg6 fxg6 25. Qxg6 Ng5 26. Rg1 Be8 27. Rxg5 Bxg6 28. Rxa5 Bxd3 29. Nxe6 b6 30. Rd5 Bc4 31. Nxf8 Bxd5 32. Nd7 Bd4 33. c3 Rd8 34. cxd4 Rxd7 35. Kc2 Bxa2 36. b3 Rf7 37. Be5+ Kh7 0-1

[Event "Early-Titled-Tuesday-Blitz-April-16-2024"]
[Site "Chess.com"]
[Date "2024.04.16"]
[Round "9"]
[White "manitodeplomo"]
[Black "imdvb6307"]
[Result "1/2-1/2"]
[WhiteElo "2633"]
[BlackElo "2526"]
[TimeControl "180+1"]
[EndTime "9:48:26 PDT"]
[Termination "Game drawn by repetition"]

1. d4 d5 2. c4 c6 3. Nf3 Nf6 4. Qb3 g6 5. cxd5 Qxd5 6. Nc3 Qxb3 7. axb3 Bf5 8. Bf4 Bg7 9. Bxb8 Rxb8 10. Rxa7 O-O 11.
e3 Nd7 12. Kd2 e5 13. Bd3 exd4 14. exd4 Bg4 15. Ne2 Rfd8 16. h3 Bxf3 17. gxf3 c5 18. Rc1 cxd4 19. Rc7 Ne5 20. Raxb7 Rxb7 21. Rxb7 Nxf3+ 22.
Kd1 Be5 23. b4 Ra8 24. b5 Ra1+ 25. Kc2 Ne1+ 26. Kd2 Nf3+ 27. Kc2 Ne1+ 28. Kd2 Nf3+ 29. Kc2 1/2-1/2

[Event "Early-Titled-Tuesday-Blitz-April-16-2024"]
[Site "Chess.com"]
[Date "2024.04.16"]
[Round "9"]
[White "WilsonPalencia21"]
[Black "DvaHrasta"]
[Result "1-0"]
[WhiteElo "2591"]
[BlackElo "2468"]
[TimeControl "180+1"]
[EndTime "9:48:26 PDT"]
[Termination "WilsonPalencia21 won on time"]

1. d4 Nf6 2. c4 e6 3. Nf3 Bb4+ 4. Nbd2 O-O 5. a3 Bxd2+ 6. Qxd2 d5 7. e3 b6 8. b3 Nbd7 9. Bb2 Bb7 10. Bd3 dxc4 11. bxc4 Bxf3 12. gxf3 c5 13. O-O-O cxd4 14.
exd4 Rc8 15. Kb1 Qc7 16. Rhg1 b5 17. d5 e5 18. cxb5 Nxd5 19. Bf5 N7b6 20. Rxg7+ Kxg7 21. Qg5+ Kh8 22. Bxc8 Qxc8 23. Rg1 1-0

[Event "Early-Titled-Tuesday-Blitz-April-16-2024"]
[Site "Chess.com"]
[Date "2024.04.16"]
[Round "9"]
[White "InitiatingASC"]
[Black "UNSTOPPABLE_LEGEND"]
[Result "0-1"]
[WhiteElo "2373"]
[BlackElo "2565"]
[TimeControl "180+1"]
[EndTime "9:48:26 PDT"]
[Termination "UNSTOPPABLE_LEGEND won on time"]

1. d4 Nf6 2. c4 e6 3. Nc3 d5 4. cxd5 exd5 5. Bg5 Be7 6. e3 h6 7.
Bxf6 Bxf6 8. Bd3 O-O 9. Nge2 c6 10. b4 Re8 11. O-O Be6 12. Rb1 Nd7 13. b5 c5 14. Qa4 Nb6 15. Qc2 Rc8 16. Qd2 cxd4 17. Nxd4 Nc4 18. Bxc4 dxc4 19. Nce2 Bf5 20. Rbc1 Bd3 21.
Rfd1 Qb6 22. a4 a5 23. Rc3 Be7 24. Rxd3 cxd3 25. Qxd3 Bf6 26. Qf5 Rc5 27. Qg4 Rd8 28. h3 Rc4 29. Ra1 Qc7 30. Qf3 Bxd4 31. Nxd4 Rd7 32.
g3 Qc5 33. Kg2 Qd5 34. Qxd5 Rxd5 35. Kf3 b6 36. Ra2 Rdc5 37. Ke4 Rb4 38. h4 Rcc4 39. Kd5 Rxa4 40. Rd2 Rab4 0-1

[Event "Early-Titled-Tuesday-Blitz-April-16-2024"]
[Site "Chess.com"]
[Date "2024.04.16"]
[Round "9"]
[White "NMChessToImpress"]
[Black "MathiasWomacka"]
[Result "0-1"]
[WhiteElo "2264"]
[BlackElo "2478"]
[TimeControl "180+1"]
[EndTime "9:48:26 PDT"]
[Termination "MathiasWomacka won by resignation"]

1. e4 c5 2. Nf3 d6 3. d4 cxd4 4. Nxd4 Nf6 5. Nc3 a6 6. Be3 e5 7.
Nb3 Be7 8. f3 Be6 9. Qd2 O-O 10.
g4 d5 11. exd5 Nxd5 12. Nxd5 Bxd5 13. Be2 Bh4+ 14. Bf2 Bxf2+ 15. Kxf2 Qh4+ 16. Kg1 Rd8 17. Rd1 Nc6 18. Qe1 Qxe1+ 19. Rxe1 Bxb3 20. axb3 Rd2 21. Bd3 Nd4 22. Be4 Nxc2 23. Rc1 Nd4 24. Bxb7 Ne2+ 25. Kf1 Nxc1 26. Bxa8 Rxb2 27. Bd5 Nxb3 28. Bxb3 Rxb3 29.
Kf2 Ra3 30. Rb1 h6 31. Rb8+ Kh7 32. h4 g5 33. hxg5 hxg5 34. Rb7 Kg6 35. Re7 Kf6 36. Rb7 a5 37. Rb6+ Ke7 38. Rb7+ Ke6 39. Rb6+ Kd5 40. Rf6 a4 41. Rxf7 Rb3 42. Ra7 a3 43. Ra5+ Kd4 44. Ra4+ Kc3 45. Ra5 Kb2 46. Rxe5 a2 47. Re2+ Ka3 48.
Rxa2+ Kxa2 49. f4 gxf4 50. g5 Rg3 0-1

[Event "Early-Titled-Tuesday-Blitz-April-16-2024"]
[Site "Chess.com"]
[Date "2024.04.16"]
[Round "9"]
[White "yonaltimur"]
[Black "AlessiaSanteramo"]
[Result "0-1"]
[WhiteElo "2419"]
[BlackElo "2342"]
[TimeControl "180+1"]
[EndTime "9:48:27 PDT"]
[Termination "AlessiaSanteramo won by resignation"]

1. e4 e5 2. Nf3 Nc6 3. Bb5 Bc5 4. O-O Nd4 5. Nxd4 Bxd4 6. c3 Bb6 7. d4 c6 8. Ba4 d6 9. d5 Bd7 10. dxc6 Bxc6 11.
Nd2 Nf6 12. Kh1 O-O 13. f3 d5 14. exd5 Bxd5 15. Qe2 Qc7 16. Ne4 Nxe4 17. fxe4 Bc4 18.
Qf3 Bxf1 19. Qxf1 Rad8 20. Bb3 Kh8 21. Bg5 f6 22. Bh4 Rd6 23. Bd5 f5 24. Qf3 Qc8 25.
Be7 Rxd5 26. Bxf8 Rd2 27. Ba3 f4 28. Rd1 Qd7 29. Rxd2 Qxd2 30. g3 h6 31. h3 Qe1+ 0-1

[Event "Early-Titled-Tuesday-Blitz-April-16-2024"]
[Site "Chess.com"]
[Date "2024.04.16"]
[Round "9"]
[White "NovoselovRoman"]
[Black "Harry_Rakkel"]
[Result "1-0"]
[WhiteElo "2607"]
[BlackElo "2719"]
[TimeControl "180+1"]
[EndTime "9:48:30 PDT"]
[Termination "NovoselovRoman won by checkmate"]

1. e4 c6 2. d4 d5 3. Nd2 dxe4 4.
Nxe4 Nd7 5. Nf3 Ngf6 6. Bd3 Nxe4 7. Bxe4 Nf6 8. Bd3 Bg4 9. c3 e6 10. O-O Bd6 11. h3 Bh5 12. Be2 O-O 13. b3 Qc7 14.
Bb2 c5 15. dxc5 Bxc5 16. Nd4 Bxe2 17. Nxe2 Rfd8 18. Qc2 Qb6 19. c4 a5 20. Nc3 Qc6 21. Rad1 h5 22. Na4 Be7 23. Qe2 h4 24. Bd4 Nd7 25. Qg4 g6 26. Bb2 e5 27. Nc3 f5 28.
Nd5 fxg4 29. Nxe7+ Kf7 30. Nxc6 bxc6 31. hxg4 e4 32.
Rd6 Nc5 33. Rxc6 Nd3 34. Bc3 g5 35. Rf6+ Ke7 36. Rf5 Rg8 37. Bf6+ Ke6 38. Bxg5 Rg6 39. f3 Rag8 40. Bd2 Ne5 41. Bc3 Nxg4 42. fxg4 Rxg4 43. Re5+ Kd7 44. Rf7+ Kc6 45. Re6+ Kc5 46. Rc7# 1-0

[Event "Early-Titled-Tuesday-Blitz-April-16-2024"]
[Site "Chess.com"]
[Date "2024.04.16"]
[Round "9"]
[White "TigrVShlyape"]
[Black "Agibileg"]
[Result "1-0"]
[WhiteElo "2935"]
[BlackElo "2781"]
[TimeControl "180+1"]
[EndTime "9:48:32 PDT"]
[Termination "TigrVShlyape won by resignation"]

1. e4 c5 2. Nf3 e6 3. d4 cxd4 4. Nxd4 Nc6 5. Nc3 a6 6. Be3 Nf6 7. a3 Qc7 8. Be2 Be7 9. O-O O-O 10. f4 d6 11. Qe1 Nxd4 12. Bxd4 b5 13. Qg3 Bb7 14.
Rae1 Rad8 15. Bd3 Bc6 16. Qh3 Qd7 17. Bxf6 gxf6 18. Qh6 Kh8 19. Nd5 Rg8 20. Nxf6 Bxf6 21. Qxf6+ Rg7 22. Rf3 Rg8 23. Re2 Qd8 24. Qxd8 Rxd8 25.
Rf1 Kg8 26. Kf2 Kf8 27. g3 Ke7 28. Rd1 h5 29. h4 e5 30. fxe5 dxe5 31. Re3 Rg4 32.
Be2 Rxd1 33. Bxd1 Rxe4 34. Bxh5 Rd4 35. Rxe5+ Kd6 36. Re1 Rd2+ 37. Re2 Rxe2+ 38. Kxe2 Bd5 39. Ke3 Ke5 40. Bf3 Be6 41. b4 1-0

[Event "Early-Titled-Tuesday-Blitz-April-16-2024"]
[Site "Chess.com"]
[Date "2024.04.16"]
[Round "9"]
[White "Massakru"]
[Black "flawian2008"]
[Result "0-1"]
[WhiteElo "2366"]
[BlackElo "2556"]
[TimeControl "180+1"]
[EndTime "9:48:32 PDT"]
[Termination "flawian2008 won by resignation"]

1. e4 c5 2. Nf3 Nc6 3. c3 d5 4. exd5 Qxd5 5. Na3 Nf6 6. d4 cxd4 7. Nb5 Qd8 8. Nbxd4 Nxd4 9. Qxd4 Qxd4 10. Nxd4 a6 11.
g3 e5 12. Nf3 Bd6 13. Bg2 O-O 14. O-O Bc7 15. Re1 Re8 16. Be3 Bd7 17. Rad1 Bc6 18. Nh4 Bxg2 19. Kxg2 Rad8 20. Rxd8 Rxd8 21. Bg5 Kf8 22.
Re2 b5 23. Bxf6 gxf6 24. Nf5 a5 25. h4 Rd1 26. a3 Bb6 27. g4 Ke8 28. g5 Kd7 29.
gxf6 Ke6 30. Ng3 Kxf6 31. Kf3 Ke6 32. Ke4 b4 33. axb4 axb4 34. f4 bxc3 35. bxc3 exf4 36.
Kxf4+ Kf6 37. Ne4+ Kg7 38. Rg2+ Kf8 39. Nf6 Rf1+ 40. Ke5 Bc7+ 41. Kd5 Rxf6 42. Rg4 Rf4 43. Rg1 Rxh4 44. c4 Rh2 45. c5 Rc2 46. Kc6 Bf4 47. Kd5 Rxc5+ 0-1

[Event "Early-Titled-Tuesday-Blitz-April-16-2024"]
[Site "Chess.com"]
[Date "2024.04.16"]
[Round "9"]
[White "Kirill_Klukin"]
[Black "Rud_Makarian"]
[Result "0-1"]
[WhiteElo "2825"]
[BlackElo "3015"]
[TimeControl "180+1"]
[EndTime "9:48:35 PDT"]
[Termination "Rud_Makarian won on time"]

1. Nf3 Nf6 2. e3 d5 3. c4 e6 4. b3 b6 5. Bb2 Bb7 6. Nc3 Nbd7 7.
Qc2 a6 8. cxd5 exd5 9. d4 Bd6 10. g3 Qe7 11. Bg2 O-O-O 12. O-O-O Kb8 13. Kb1 Ne4 14. Nxe4 dxe4 15. Nd2 f5 16. Nc4 Bd5 17. Rc1 Rc8 18. Bf1 Kb7 19. Qe2 Ra8 20. h4 h5 21.
Qd1 g6 22. Nxd6+ cxd6 23. Bc4 Nf6 24. Qe2 Qd7 25. Bxd5+ Nxd5 26. Qc4 Qb5 27. Ba3 Rhd8 28. Rc2 Rac8 29. Qxb5 axb5 30. Rxc8 Kxc8 31. Rc1+ Kd7 32. Rc2 Rg8 33. Bc1 Nb4 34. Re2 Nd3 35. Bd2 Ke6 36. Bc3 g5 37. hxg5 Rxg5 38. Kc2 Rg4 39. Be1 h4 40. gxh4 Rxh4 41. Kd2 Rh1 42. f3 exf3 0-1